 Dungeon Crawl Stone Soup version 0.16.2-2-g470672f (webtiles) character file.

596 CrazyArbalest the Bolt Thrower (level 7, -1/57 HPs)
             Began as a Centaur Hunter on Aug 22, 2015.
             Slain by an orc wizard
             ... wielding a +0 dagger
              (2 damage)
             ... on level 4 of the Dungeon.
             The game lasted 00:29:55 (7357 turns).

CrazyArbalest the Bolt Thrower (Centaur Hunter)     Turns: 7357, Time: 00:29:57

Health: -1/57      AC:  9    Str: 15    XL:     7   Next: 17%
Magic:  14/14      EV:  9    Int: 10    God:
Gold:   134        SH:  0    Dex: 11    Spells: 0 memorised, 6 levels left

rFire  . . .     SeeInvis .     a - +0 war axe
rCold  . . .     Clarity  .     o - +0 ring mail (curse)
rNeg   . . .     SustAb   .     (no shield)
rPois  .         Gourm    .     u - +0 helmet
rElec  .         Spirit   .     y - +0 cloak
rCorr  .         Warding  .     G - +0 pair of gloves
rMut   .         Stasis   .     (no barding)
MR     .....                    (no amulet)
Stlth  ..........               (no ring)
                                e - ring of magical power

@: lethally poisoned (-1 -> -10), very quick, not resistant to hostile
enchantments, extremely unstealthy
A: hooves 3, deformed body, speed 2, tough skin 3
a: no special abilities


You were on level 4 of the Dungeon.
You were not hungry.

You visited 1 branch of the dungeon, and saw 4 of its levels.
You also visited: Sewer.

You collected 134 gold pieces.

Inventory:

Hand weapons
 a - a +0 war axe (weapon)
 b - a +1 hand crossbow
 j - a +2 short sword of speed
 k - a +0 whip
 H - a +0 hand axe of flaming
 I - a +0 war axe
 K - a +0 hand axe
 L - a +2 mace of protection
 N - a +2 dagger of venom
 O - a +0 war axe
 P - a +0 morningstar
 Q - a cursed -3 short sword
 R - a +0 mace
 S - a cursed -3 morningstar
Missiles
 c - 20 bolts
Armour
 d - a +0 leather armour
 o - a cursed +0 ring mail (worn)
 u - a +0 helmet (worn)
 y - a +0 cloak (worn)
 G - a +0 pair of gloves (worn)
 J - a cursed -1 ring mail
Jewellery
 e - a ring of magical power (left hand)
Magical devices
 t - a wand of random effects (17)
 M - a wand of digging (13)
Scrolls
 g - 2 scrolls of identify {unknown}
 i - 2 scrolls of amnesia {unknown}
 m - 3 scrolls of fear {unknown}
 r - 3 scrolls of enchant weapon {unknown}
 w - a scroll of fog {unknown}
 x - 2 scrolls of remove curse {unknown}
 z - a scroll of magic mapping {unknown}
 E - 2 scrolls of teleportation {unknown}
Potions
 h - a potion of agility
 n - 3 potions of magic
 p - a potion of invisibility {unknown}
 s - a potion of poison
 v - a potion of restore abilities {unknown}
 C - a potion of curing {unknown}
 D - 2 potions of brilliance {unknown}
 F - a potion of might {unknown}
Comestibles
 f - a bread ration
 l - a royal jelly
 q - a slice of pizza
 A - 2 fruits
 B - 3 meat rations


   Skills:
 + Level 3.3 Fighting
 + Level 0.6 Short Blades
 + Level 1.8 Axes
 * Level 5.9 Crossbows
 + Level 2.7 Armour
 + Level 3.0 Dodging
 + Level 1.0 Stealth


You had 6 spell levels left.
You didn't know any spells.

Dungeon Overview and Level Annotations

Branches:
Dungeon (4/15)
 Temple: D:4-7

Altars:
Trog
Xom

Shops:
D:4 (

Annotations:
D:4 CrazyArbalest's ghost, average CeHu


Innate Abilities, Weirdness & Mutations

You have hooves in place of feet.
Armour fits poorly on your strangely shaped body.
You cover ground very quickly.
You have extremely tough skin (AC +3).


Message History

Something hits you but does no damage.
You closely miss something. Your kick misses something.
You closely miss the phantom.
The phantom is almost destroyed.
The phantom hits you.
* * * LOW HITPOINT WARNING * * *
The phantom blinks!
Something hits you but does no damage. Something hits you but does no damage.
Drink which item? (? for menu, Esc to quit)
It was a potion of magic.
Magic courses through your body. Something hits you but does no damage.
Drink which item? (? for menu, Esc to quit)
It was a potion of poison.
That liquid tasted very nasty...
You are lethally poisoned!
* * * LOW HITPOINT WARNING * * *
You feel sick. Something hits you.
* * * LOW HITPOINT WARNING * * *
Something hits you.
You die...

.....##.#........#.##....)##.#.##
.######.#[...###(..#.......'.#o#
.# #.'....'.....#...∩...'.#.# .#
###..).###...#S.....?'.#.# .#
#....# #)####.!...####.S .#
#....###(# #...##.#### ##
#.....##.# #####.# #.....##{# #.#
#####..#@# #.# ##.#W# ########.#
#...# #........# ##..# #.########
#..###'### #.>##....# ##.##....#
#.##....# #.##....#


You could see a phantom.

Vanquished Creatures
  A scorpion (D:4)
  2 hounds (D:4)
  A worker ant (D:4)
  4 orc priests
  2 orc wizards
  2 iguanas (D:4)
  Robin (D:2)
  5 adders
  A hound skeleton (D:4)
  2 giant mites (D:3)
  2 worms (D:4)
  5 giant geckos
  15 orcs
  4 ball pythons
  5 giant cockroaches
  20 goblins
  17 hobgoblins
  7 jackals
  A quokka (D:2)
  16 bats
  13 giant newts
  18 kobolds
  8 rats
152 creatures vanquished.

Notes
Turn   | Place    | Note
--------------------------------------------------------------
     0 | D:1      | CrazyArbalest, the Centaur Hunter, began the quest for the Orb.
     0 | D:1      | Reached XP level 1. HP: 17/17 MP: 1/1
   662 | D:1      | Reached XP level 2. HP: 24/24 MP: 2/2
  1055 | D:1      | Reached skill level 5 in Crossbows
  1751 | D:2      | Reached XP level 3. HP: 24/29 MP: 3/3
  1995 | D:2      | Found a shimmering altar of Xom.
  2245 | D:2      | Reached skill level 1 in Armour
  2321 | D:2      | Noticed Robin
  2322 | D:2      | Reached XP level 4. HP: 29/36 MP: 3/3
  2352 | D:2      | Killed Robin
  2353 | D:2      | HP: 1/37 [hobgoblin/club[Robin] (3)]
  3135 | D:3      | Found a bloodstained altar of Trog.
  3182 | D:3      | Found a glowing drain.
  3319 | Sewer    | Entered a sewer
  3619 | Sewer    | Reached XP level 5. HP: 37/42 MP: 4/4
  5349 | D:4      | Reached XP level 6. HP: 34/50 MP: 5/5
  5366 | D:4      | Noticed CrazyArbalest's ghost (average CeHu)
  5392 | D:4      | Found Teulaw's Antique Weapon Shoppe.
  5578 | D:4      | Reached skill level 1 in Axes
  6010 | D:4      | HP: 2/51 [poisoned by a worker ant]
  6015 | D:4      | HP: 2/51 [poisoned by a worker ant]
  7055 | D:4      | Reached XP level 7. HP: 48/57 MP: 5/5
  7317 | D:4      | Reached skill level 1 in Stealth
  7357 | D:4      | HP: 1/57 [something (2)]
  7357 | D:4      | Slain by an orc wizard

Action                   |  1- 3 |  4- 6 |  7- 9 || total
-------------------------+-------+-------+-------++-------
Melee: Hand axe          |    88 |   135 |       ||   223
       Short sword       |    91 |   139 |       ||   230
       Mace              |       |    10 |       ||    10
       War axe           |       |   106 |    50 ||   156
       Dagger            |       |     3 |       ||     3
 Fire: Hand crossbow     |       |     8 |       ||     8
  Use: Potion            |       |     1 |     2 ||     3
  Eat: Chunk             |     4 |    13 |     1 ||    18
